 Dungeon Crawl Stone Soup version 0.20.1-1-g8b1a95d66d (webtiles) character file.

57 BreadTh the Magician (level 3, -1/16 HPs)
             Began as a Spriggan Wizard on Dec 30, 2017.
             Was an Initiate of Gozag.
             Slain by an orc wizard
             ... wielding a +1 dagger of speed
              (3 damage)
             ... on level 2 of the Dungeon.
             The game lasted 00:01:56 (1526 turns).

BreadTh the Magician (Spriggan Wizard)              Turns: 1526, Time: 00:01:57

Health: -1/16      AC:  2    Str:  3    XL:     3   Next: 73%
Magic:  7/11       EV: 18    Int: 20    God:    Gozag
Gold:   50         SH:  0    Dex: 14    Spells: 12/13 levels left

rFire    . . .     SeeInvis +   (weapon restricted)
rCold    . . .     Gourm    .   (shield restricted)
rNeg     . . .     Faith    .   a - +0 robe
rPois    .         Spirit   .   b - +0 hat
rElec    .         Reflect  .   (no cloak)
rCorr    .         Harm     .   (gloves unavailable)
MR       .....                  (boots unavailable)
Stlth    ++........             (no amulet)
Regen    0.1/turn               (no ring)
MPRegen  0.2/turn               (no ring)

@: very quick
A: unfitting armour, see invisible, herbivore 3, speed 3, slow metabolism 2
a: Potion Petition, Call Merchant, Bribe Branch, Renounce Religion


You were on level 2 of the Dungeon.
You worshipped Gozag.
Gozag was noncommittal.
You were not hungry.

You visited 1 branch of the dungeon, and saw 3 of its levels.

You collected 65 gold pieces.
You paid 15 gold pieces to Gozag.

Inventory:

Armour
 a - a +0 robe (worn)
 b - a +0 hat (worn)
Jewellery
 n - a +6 ring of dexterity {unknown}
Scrolls
 e - a scroll of random uselessness {unknown}
 f - 2 scrolls of remove curse {unknown}
 h - a scroll of recharging {unknown}
 i - 2 scrolls of immolation {unknown}
 j - a scroll of enchant weapon {unknown}
 k - a scroll of noise {unknown}
Potions
 g - a potion of brilliance {unknown}
 l - a potion of haste {unknown}
 m - a potion of heal wounds {unknown}
Books
 c - a book of Minor Magic

   Spells                             Type                      Level
   a - Magic Dart                     Conjuration                  1
   b - Blink                          Translocation                2
   c - Call Imp                       Summoning                    2
   d - Slow                           Hexes                        2
   e - Conjure Flame                  Conjuration/Fire             3
   f - Mephitic Cloud                 Conjuration/Poison/Air       3
Comestibles
 d - 4 bread rations


   Skills:
 - Level 3.0 Dodging
 - Level 3.0 Stealth
 * Level 5.5 Spellcasting
 + Level 1.3 Conjurations
   Level 0.7 Summonings
   Level 1.5 Translocations


You had 12 spell levels left.
You knew the following spells:

 Your Spells              Type           Power        Failure   Level  Hunger
a - Magic Dart            Conj           ##..         6%          1    None


Dungeon Overview and Level Annotations

Branches:
Dungeon (3/15)

Altars:
Gozag


Innate Abilities, Weirdness & Mutations

You are very small and have problems with some larger weapons.
You are too small for most types of armour.
You have supernaturally acute eyesight. (SInv)
You are a herbivore.
You cover ground extremely quickly.
You need consume almost no food.


Message History

Confirm with . or Enter, or press ? or * to list all spells.
Aiming: Magic Dart
Press: ? - help, Shift-Dir - straight line, f/p - orc wizard
Aim: an orc wizard, wielding a dagger of speed and wearing a robe (severely wounded)
The magic dart hits the orc wizard.
The orc wizard is severely wounded.
The orc wizard points at you and mumbles some strange words.
The puff of frost hits you!
Ouch! That really hurt!
* * * LOW HITPOINT WARNING * * *
Casting: Magic Dart
Confirm with . or Enter, or press ? or * to list all spells.
Aiming: Magic Dart
Press: ? - help, Shift-Dir - straight line, f/p - orc wizard
Aim: an orc wizard, wielding a dagger of speed and wearing a robe (severely wounded)
The magic dart hits the orc wizard.
The orc wizard is almost dead.
The orc wizard hits you with a dagger of speed.
You die...
Your body crumbles into a pile of gold.

#..## #...# #.........#
#...#####.####.....>...#
##....##.......#.#.#####
##........(...#.#..### ####
####.........#.##...# ...#
##...........####.## ...##
####..........### #..# ....#
##......##.....#### ##.#
....# ##..###.@##..##....#
#..
....#####..###...o#>.#####.#
##. ..#..<.........##....#
#.### #.
#...##..(.....#####..# #...#
#. ....##........#
###..#######.###.
.##...†######.# #........#
#..... .###..†# #.#
#......<.# #..### .####..#
##.# #........###..###
...##†.###
#..###..#.............


You could see an orc wizard.

Vanquished Creatures
  2 adders (D:2)
  An ooze (D:1)
  A dart slug (D:2)
  A leopard gecko (D:1)
  2 giant cockroaches (D:2)
  3 goblins
  4 hobgoblins
  2 quokkas (D:2)
  6 bats
  A frilled lizard (D:2)
  5 kobolds
  3 rats (D:1)
31 creatures vanquished.

Notes
Turn   | Place    | Note
-------+----------+-------------------------------------------
     0 | D:1      | BreadTh the Spriggan Wizard began the quest for the Orb.
     0 | D:1      | Reached XP level 1. HP: 9/9 MP: 6/6
   133 | D:1      | Reached skill level 1 in Conjurations
   227 | D:1      | Reached XP level 2. HP: 13/13 MP: 5/8
   885 | D:2      | Reached skill level 5 in Spellcasting
   886 | D:2      | Reached XP level 3. HP: 16/16 MP: 4/10
  1458 | D:2      | Found an opulent altar of Gozag.
  1466 | D:2      | Became a worshipper of Gozag Ym Sagoz the Greedy
  1526 | D:2      | Slain by an orc wizard

Skill      XL: |  1  2 |
---------------+-------+-----
Conjurations   | 1 |  1.3
Spellcasting   | 5 |  5.5
Dodging        | |  3.0
Stealth        | |  3.0
Summonings     | |  0.7
Translocations | |  1.5

Action                   || total
-------------------------++-------
 Cast: Magic Dart        ||    85
Armor: Robe              ||     3
Dodge: Dodged            ||     6
